 Dungeon Sprint DCSS version 0.30.1-9-gdf580d7c3d (webtiles) character file.

Game seed: 502934581387210791

1460 Heoruswealwe the Impaler (level 8, -1/83 HPs)
             Began as a Minotaur Fighter on Oct 4, 2023.
             Was an Initiate of Gozag.
             Slain by a boulder beetle (4 damage)
             ... in the Dungeon (Sprint IX: "|||||||||||||||||||||||||||||").
             The game lasted 00:02:55 (209 turns).

Heoruswealwe the Impaler (Minotaur Fighter)          Turns: 209, Time: 00:02:56

Health: -1/83      AC: 21    Str: 23    XL:     8   Next: 48%
Magic:  7/7        EV:  9    Int:  5    God:    Gozag
Gold:   171        SH:  0    Dex: 10    Spells: 7/7 levels left

rFire   . . .        b - +2 halberd (protect)
rCold   . . .        (shield currently unavailable)
rNeg    . . .        c - +1 chain mail
rPois   .            (helmet restricted)
rElec   .            (no cloak)
rCorr   .            f - +0 pair of gloves
SInv    .            (no boots)
Will    .....        (no amulet) Stlth
                     (no ring)
HPRegen 0.33/turn    (no ring)
MPRegen 0.10/turn

%: no teleportation
@: gold aura, under a protective aura
A: horns 2, retaliatory headbutt
a: Renounce Religion, Potion Petition, Call Merchant, Bribe Branch


You were in the Dungeon.
You worshipped Gozag.
Gozag was aware of your devotion.
You visited 1 branch You collected 171 gold pieces.

Inventory:

Hand Weapons
 a - a +0 trident
 b - a +2 halberd of protection (weapon)
Armour
 c - a +1 chain mail (worn)
 d - a +0 buckler
 f - a +0 pair of gloves (worn)
Wands
 h - a wand of acid (10)
Scrolls
 j - 2 scrolls of blinking
Potions
 e - 5 potions of curing
 g - a potion of haste
 i - a potion of berserk rage
 k - a potion of might
 l - a potion of heal wounds


   Skills:
 + Level 11.9 Fighting
 * Level 15.9 Polearms
 + Level 11.9 Armour
 - Level 3.6 Shields


You had 7 spell levels left.
You didn't know any spells.
Your spell library was empty.

Dungeon Overview and Level Annotations

Branches:
Dungeon (1/1)

Altars:
Cheibriados
Dithmenos
Elyvilon
Fedhas
Gozag
Hepliaklqana
Kikubaaqudgha
Makhleb
Nemelex Xobeh
Okawaru
Qazlal
Ru
Sif Muna
Trog
Uskayaw
Vehumet
Wu Jian
Xom
Yredelemnul
Zin
The Shining One
Jiyva
Lugonu


Innate Abilities, Weirdness & Mutations

You have a pair of horns on your head.
You reflexively headbutt those who attack you in melee.


Message History

The boulder beetle bites you.
* * * LOW HITPOINT WARNING * * *
You puncture the boulder beetle! You headbutt the boulder beetle.
The boulder beetle is moderately wounded.
The red ugly thing basks in the mutagenic energy from its kin and changes!
The boulder beetle bites you but does no damage.
You puncture the boulder beetle!
You headbutt the boulder beetle, but do no damage.
The boulder beetle is moderately wounded.
You hit the boulder beetle but do no damage.
You headbutt the boulder beetle, but do no damage.
The boulder beetle is moderately wounded.
The boulder beetle barely misses you.
You hit the boulder beetle but do no damage.
You headbutt the boulder beetle, but do no damage.
The boulder beetle is moderately wounded.
The boulder beetle bites you!
* * * LOW HITPOINT WARNING * * *
You hit the boulder beetle.
You headbutt the boulder beetle, but do no damage.
The boulder beetle is moderately wounded.
You hit the boulder beetle but do no damage.
Your headbutt misses the boulder beetle.
The boulder beetle is moderately wounded.
The gargoyle is distracted by your dazzling golden aura.
The boulder beetle misses you.
You puncture the boulder beetle!
You headbutt the boulder beetle, but do no damage.
The boulder beetle is heavily wounded.
The boulder beetle is distracted by your dazzling golden aura.
You hit the boulder beetle.
The boulder beetle is no longer distracted by gold.
You headbutt the boulder beetle, but do no damage.
The boulder beetle is heavily wounded.
You hit the boulder beetle but do no damage.
You headbutt the boulder beetle, but do no damage.
The boulder beetle is heavily wounded.
The boulder beetle bites you.
You die...
Your body crumbles into a pile of gold.

$
▓.▓
▓.▓
$ $
▓'▓
$
▓$▓
$
▓.▓
$
▓.▓
$ $
▓.▓
$
▓.▓
$
▓@▓
▓B▓
▓9▓
▓C▓
▓u▓
▓u▓
▓.▓
▓.▓


You could see a boulder beetle, 2 ugly things, a cyclops and a gargoyle.

Vanquished Creatures
  A two-headed ogre (D)
  3 yaks (D)
  A wyvern (D)
  A vampire mosquito (D)
  An orc warrior (D)
  A scorpion (D)
  A jelly (D)
  A dart slug (D)
  An orc (D)
  An endoplasm (D)
  A hobgoblin (D)
  A kobold (D)
  A quokka (D)
  A bat (D)
  A frilled lizard (D)
17 creatures vanquished.

Notes
Turn   | Place    | Note
-------+----------+-------------------------------------------
     0 | D        | Heoruswealwe the Minotaur Fighter began the quest for the
                  | Orb.
     0 | D        | Reached XP level 1. HP: 19/19 MP: 0/0
     8 | D        | Reached skill level 3 in Polearms
    33 | D        | Noticed a scorpion
    33 | D        | Noticed a jelly
    42 | D        | Killed a scorpion
    43 | D        | Reached skill level 5 in Fighting
    43 | D        | Reached skill level 7 in Polearms
    43 | D        | Reached skill level 5 in Armour
    43 | D        | Reached XP level 2. HP: 21/30 MP: 1/1
    43 | D        | Reached XP level 3. HP: 27/37 MP: 2/2
    47 | D        | Reached XP level 4. HP: 33/44 MP: 3/3
    57 | D        | Reached skill level 8 in Polearms
    64 | D        | Found a snail-covered altar of Cheibriados.
    64 | D        | Found a shadowy altar of Dithmenos.
    64 | D        | Found a white marble altar of Elyvilon.
    64 | D        | Found a blossoming altar of Fedhas.
    64 | D        | Found an opulent altar of Gozag.
    65 | D        | Found a hazy altar of Hepliaklqana.
    66 | D        | Found a viscous altar of Jiyva.
    67 | D        | Found an ancient bone altar of Kikubaaqudgha.
    68 | D        | Found a corrupted altar of Lugonu.
    69 | D        | Found a burning altar of Makhleb.
    70 | D        | Found a sparkling altar of Nemelex Xobeh.
    71 | D        | Found an iron altar of Okawaru.
    72 | D        | Found a stormy altar of Qazlal.
    74 | D        | Became a worshipper of Gozag Ym Sagoz the Greedy
    76 | D        | Found a sacrificial altar of Ru.
    77 | D        | Found a shimmering blue altar of Sif Muna.
    78 | D        | Found a bloodstained altar of Trog.
    79 | D        | Found a hide-covered altar of Uskayaw.
    80 | D        | Found a radiant altar of Vehumet.
    81 | D        | Found an ornate altar of the Wu Jian Council.
    82 | D        | Found a shimmering altar of Xom.
    83 | D        | Found a basalt altar of Yredelemnul.
    84 | D        | Found a glowing silver altar of Zin.
    85 | D        | Found a glowing golden altar of the Shining One.
   154 | D        | Noticed an orc warrior
   154 | D        | Noticed a yak
   154 | D        | Noticed a yak
   154 | D        | Noticed a two-headed ogre
   154 | D        | Noticed a wyvern
   154 | D        | Noticed a yak
   158 | D        | Killed an orc warrior
   159 | D        | Reached skill level 9 in Polearms
   159 | D        | Reached XP level 5. HP: 50/53 MP: 4/4
   162 | D        | Killed a yak
   163 | D        | Reached skill level 11 in Polearms
   163 | D        | Reached XP level 6. HP: 46/62 MP: 5/5
   167 | D        | Killed a yak
   168 | D        | Reached skill level 12 in Polearms
   177 | D        | Killed a two-headed ogre
   178 | D        | Reached skill level 14 in Polearms
   178 | D        | Reached XP level 7. HP: 26/74 MP: 6/6
   178 | D        | Reached XP level 8. HP: 29/82 MP: 7/7
   183 | D        | Reached skill level 15 in Polearms
   193 | D        | Noticed a boulder beetle
   193 | D        | Noticed a gargoyle
   193 | D        | Noticed a cyclops
   193 | D        | Noticed a brown ugly thing
   193 | D        | Noticed a red ugly thing
   204 | D        | HP: 2/83 [boulder beetle (11)]
   209 | D        | Slain by a boulder beetle

Illustrated notes

Levels and vault maps discovered:
D:        linesprint [early_d, line_temple, items_1, d_10, items_2, lair_1,
          lair_end, items_3, orc_1, orc_end, items_4, d_15, swamp_1, shoals_1,
          snake_1, spider_1, d_20, vaults_1, items_5, swamp_end, shoals_end,
          snake_end, spider_end, vaults_end, d_27, items_6, zot_1, zot_end,
          crypt_end, forest_end, elf_end, slime_end, tomb_end, abyss_end,
          pan_hell_end]

Skill      XL: |  1  2  3  4  5  6  7  8 |
---------------+-------------------------+-----
Polearms       | 7 9 11 14 15 | 15.9
Fighting       | 5 7 8 11 | 11.9
Armour         | 5 7 8 11 | 11.9
Shields        | |  3.6

Action                     |  1- 3 |  4- 6 |  7- 9 || total
---------------------------+-------+-------+-------++-------
  Melee: Trident           |    22 |     7 |       ||    29
         Headbutt          |     3 |     6 |    13 ||    22
         Halberd           |       |    21 |    24 ||    45
    Use: Potion            |       |     2 |       ||     2
   Stab: Distracted        |       |     1 |       ||     1
 Armour: Scale mail        |     7 |     2 |       ||     9
         Chain mail        |       |     6 |     1 ||     7
  Dodge: Dodged            |     8 |     7 |    10 ||    25
  Block: Buckler           |     2 |     2 |       ||     4
